Map: Романтицид РВ

Players

SenseiTapok

  • Race: Protoss Protoss
  • League: Master

SmelC

  • Race: Protoss Protoss
  • League: Master

Kantara

  • Race: Zerg Zerg
  • League: Diamond
  • Spawn Location: 5:00

rakhnam

  • Race: Zerg Zerg
  • League: Diamond
  • Spawn Location: 11:00

VOD

Have the link to the VOD?

Description

Time

  • Played on: Nov. 11, 2020, 1:04 p.m.
  • Length: 15:50
Show
View Real Time Build Order
Export as new Build Order

SenseiTapok Protoss 

Build Orders:  

Get SALT Encoding   

Show
View Real Time Build Order
Export as new Build Order

SmelC Protoss 

Build Orders:  

Get SALT Encoding   

Show
View Real Time Build Order
Export as new Build Order

Kantara Zerg 

Build Orders:  

Get SALT Encoding   

  12  0:01  Probe  
  13  0:13  Probe  
  14  0:20  Pylon  
  14  0:25  Probe  
  15  0:38  Probe (Chrono Boost)  
  15  0:40  Gateway  
  16  0:48  Assimilator  
  17  0:50  Probe (Chrono Boost)  
  17  0:56  Probe (Chrono Boost)  
  18  1:11  Forge  
  18  1:12  Probe  
  19  1:24  Probe  
  20  1:45  Probe  
  21  1:48  Photon Cannon  
  21  1:51  Cybernetics Core  
  21  1:57  Probe  
  22  2:03  Photon Cannon  
  22  2:15  Pylon  
  22  2:17  Assimilator  
  22  2:23  Probe  
  23  2:34  Adept  
  24  2:42  Warp Gate  
  25  2:44  Probe (Chrono Boost)  
  25  2:54  Probe (Chrono Boost)  
  26  3:06  Probe  
  26  3:12  Gateway  
  27  3:18  Stargate  
  27  3:27  Nexus  
  27  3:32  Probe  
  28  3:42  Stargate  
  28  3:44  Probe  
  29  3:55  Photon Cannon  
  27  3:56  Probe  
  28  4:09  Probe  
  31  4:23  Void Ray  
  31  4:31  Pylon  
  31  4:37  Protoss Air Weapons Level 1  
  31  4:38  Probe  
  31  4:42  Adept  
  31  4:43  Probe  
  36  4:47  Probe  
  36  4:51  Probe  
  38  4:55  Probe  
  38  4:58  Stargate  
  40  5:01  Probe, Assimilator  
  40  5:03  Assimilator  
  40  5:05  Probe  
  40  5:10  Void Ray (Chrono Boost)  
  40  5:13  Probe  
  42  5:17  Probe  
  47  5:25  Probe  
  48  5:29  Probe  
  49  5:37  Probe  
  49  5:41  Probe  
  51  5:49  Probe  
  52  5:51  Pylon  
  52  5:53  Probe  
  52  5:55  Forge  
  53  6:01  Probe  
  53  6:03  Void Ray  
  54  6:08  Void Ray  
  58  6:16  Robotics Facility  
  58  6:18  Robotics Facility  
  62  6:19  Pylon  
  62  6:21  Protoss Ground Weapons Level 1 (Chrono Boost)  
  62  6:24  Pylon  
  62  6:37  Probe x2  
  64  6:50  Probe x2  
  64  6:52  Gateway  
  66  6:54  Gateway  
  66  6:56  Gateway  
  66  6:58  Pylon  
  66  7:00  Pylon  
  66  7:02  Gateway  
  66  7:03  Gateway  
  70  7:08  Immortal  
  70  7:11  Immortal  
  74  7:18  Stalker  
  76  7:32  Sentry  
  78  7:52  Observer  
  78  7:57  Robotics Bay  
  79  8:05  Nexus  
  79  8:08  Pylon  
  79  8:10  Assimilator  
  75  8:15  Assimilator  
  75  8:17  Twilight Council  
  75  8:26  Sentry  
  77  8:27  Sentry  
  77  8:28  Stalker  
  77  8:29  Stalker  
  77  8:30  Shield Battery  
  77  8:32  Shield Battery  
  77  8:34  Shield Battery, Colossus x2  
  83  8:36  Shield Battery  
  83  8:37  Photon Cannon  
  83  8:38  Photon Cannon  
  83  8:39  Probe x2  
  85  8:44  Protoss Ground Weapons Level 2  
  85  8:46  Extended Thermal Lance (Chrono Boost)  
  97  9:01  Probe x2  
  99  9:13  Probe x2  
  100  9:17  Sentry x2  
  100  9:18  Sentry  
  100  9:21  Sentry  
  108  9:26  Probe x2  
  108  9:27  Probe  
  111  9:35  Stalker  
  113  9:38  Probe  
  113  9:39  Probe x2  
  116  9:47  Pylon  
  116  9:50  Pylon  
  116  9:52  Pylon  
  116  9:54  Pylon, Colossus  
  116  10:00  Templar Archives  
  116  10:02  Probe  
  116  10:05  Protoss Ground Armor Level 1, Probe x2  
  125  10:09  Colossus  
  131  10:33  Psionic Storm  
  131  10:36  Probe x2  
  131  10:39  Nexus  
  131  10:40  Pylon  
  131  10:42  Unknown  
  133  10:46  Probe  
  133  10:48  High Templar x2  
  138  10:55  High Templar  
  136  11:05  Observer  
  136  11:06  High Templar  
  136  11:09  Archon  
  138  11:12  Archon  
  138  11:21  Probe  
  138  11:22  Observer, Probe  
  140  11:25  Unknown  
  140  11:28  Pylon  
  140  11:37  Observer x2  
  142  11:40  Fleet Beacon  
  142  11:51  Nexus  
  142  12:06  High Templar x5  
  146  12:12  Photon Cannon  
  146  12:13  Photon Cannon  
  146  12:15  Photon Cannon  
  140  12:17  Shield Battery  
  140  12:18  Probe x3  
  140  12:19  Shield Battery  
  140  12:22  Pylon  
  141  12:25  Pylon  
  141  12:28  Colossus (Chrono Boost)  
  141  12:29  Colossus (Chrono Boost)  
  141  12:36  Stalker x2  
  157  12:42  Probe x2  
  157  12:43  Probe  
  160  12:46  Pylon  
  160  12:47  Pylon  
  160  12:50  Pylon, Stalker  
  160  12:51  Stalker x4  
  164  12:52  Pylon  
  164  12:54  Probe  
  171  13:16  Carrier (Chrono Boost)  
  171  13:17  Carrier (Chrono Boost)  
  98  14:07  High Templar  
  98  14:08  High Templar  
  93  14:43  Immortal  
  93  14:44  Immortal  
  93  14:57  Archon  
  76  15:12  Probe  
  55  15:23  Probe  
  55  15:26  Nexus  
  55  15:27  Probe  
  55  15:32  High Templar x2  
  55  15:33  Nexus  
  55  15:35  Probe  
  49  15:38  Pylon  
Show
View Real Time Build Order
Export as new Build Order

rakhnam Zerg 

Build Orders: Hatch First, Lurkers, Roach Hydra 

Get SALT Encoding   

  12  0:00  Drone  
  13  0:12  Overlord  
  13  0:17  Drone  
  14  0:30  Drone x2  
  14  0:35  Drone  
  17  0:47  Drone  
  18  0:57  Hatchery  
  18  0:59  Drone  
  18  1:02  Extractor  
  17  1:16  Spawning Pool  
  17  1:17  Drone  
  17  1:21  Drone  
  18  1:29  Drone  
  19  1:39  Overlord  
  19  2:02  Queen  
  19  2:03  Zergling x4  
  19  2:04  Metabolic Boost  
  23  2:10  Zergling x2  
  26  2:25  Zergling x2  
  27  2:31  Hatchery  
  27  2:33  Drone  
  25  2:38  Drone x2  
  26  2:52  Hatchery, Drone  
  26  2:57  Drone  
  27  3:04  Queen  
  29  3:08  Drone  
  30  3:15  Overlord  
  30  3:20  Overlord  
  30  3:37  Drone x2  
  30  3:38  Drone  
  33  3:44  Drone x2  
  33  3:45  Drone  
  33  3:46  Drone  
  35  3:55  Drone x2  
  37  3:57  Queen  
  39  4:03  Queen  
  39  4:05  Drone  
  39  4:07  Drone  
  43  4:12  Drone  
  43  4:16  Drone x3  
  47  4:26  Spore Crawler  
  47  4:27  Drone x5  
  51  4:34  Roach Warren  
  51  4:35  Drone  
  50  4:40  Drone x2  
  50  4:44  Queen  
  54  4:47  Drone x2  
  56  4:53  Extractor  
  56  4:54  Extractor  
  56  4:55  Overlord x2, Evolution Chamber  
  53  5:01  Lair  
  53  5:09  Spore Crawler  
  53  5:13  Drone x2  
  53  5:14  Drone x6  
  57  5:18  Overlord  
  60  5:21  Overlord  
  60  5:28  Overlord x2  
  60  5:32  Extractor  
  59  5:37  Zerg Missile Weapons Level 1  
  59  5:42  Roach x4  
  66  5:50  Roach x4  
  66  5:51  Roach  
  66  5:54  Overlord  
  76  5:57  Overlord  
  76  5:58  Overseer  
  76  6:02  Queen  
  78  6:28  Drone x3  
  78  6:29  Drone x2  
  83  6:35  Spore Crawler  
  83  6:37  Drone  
  83  6:38  Drone x4  
  83  6:39  Roach x2  
  103  6:40  Roach x6  
  103  6:41  Overlord  
  103  6:43  Glial Reconstitution  
  103  6:51  Hydralisk Den  
  102  6:57  Queen x2  
  106  7:03  Drone  
  106  7:04  Drone  
  106  7:05  Overlord  
  106  7:21  Grooved Spines, Hydralisk x6  
  114  7:26  Extractor  
  114  7:28  Hydralisk x3  
  117  7:35  Overlord  
  117  7:40  Zerg Missile Weapons Level 2  
  117  7:43  Hydralisk x2  
  121  7:51  Pneumatized Carapace  
  121  7:53  Overlord  
  121  7:58  Drone  
  121  7:59  Extractor  
  121  8:00  Drone  
  121  8:01  Overlord x2  
  121  8:07  Overlord  
  121  8:15  Drone  
  121  8:16  Drone x2  
  121  8:17  Hydralisk x2  
  121  8:19  Overlord  
  128  8:31  Overlord  
  128  8:37  Drone x3  
  128  8:38  Infestation Pit  
  130  8:43  Hydralisk  
  130  8:44  Hydralisk x6  
  130  8:47  Overlord  
  144  8:52  Hatchery  
  143  8:57  Hydralisk x6  
  143  9:01  Muscular Augments  
  155  9:06  Overlord  
  153  9:18  Lurker Den  
  152  9:40  Hive  
  152  9:48  Drone  
  152  9:52  Drone x2  
  155  9:53  Drone x7  
  155  9:57  Zerg Ground Armor Level 1  
  155  9:59  Overlord  
  162  10:06  Overlord  
  162  10:09  Extractor  
  162  10:10  Overseer  
  162  10:13  Extractor  
  160  10:22  Hydralisk x3  
  160  10:23  Hydralisk  
  160  10:26  Lurker x2  
  160  10:27  Lurker x5  
  175  10:30  Spore Crawler, Lurker  
  175  10:42  Hydralisk x3  
  175  10:43  Hydralisk x2  
  185  10:50  Lurker  
  186  10:58  Viper  
  182  11:06  Seismic Spines  
  182  11:12  Viper  
  182  11:16  Drone x3  
  182  11:17  Drone x2  
  188  11:19  Lurker  
  188  11:22  Overlord  
  189  11:44  Viper  
  189  11:45  Roach  
  189  11:46  Roach x3  
  198  12:03  Adaptive Talons  
  189  12:12  Hydralisk x3  
  164  12:20  Hydralisk, Roach x4  
  164  12:21  Hydralisk x5  
  164  12:22  Hydralisk, Lurker x4  
  179  12:23  Lurker  
  179  12:24  Overlord  
  179  12:27  Hatchery  
  180  12:33  Zerg Missile Weapons Level 3  
  171  12:42  Lurker x3, Roach x6  
  171  12:43  Roach x2  
  188  12:54  Extractor  
  188  12:55  Extractor  
  186  13:02  Drone x3  
  186  13:03  Drone x3  
  188  13:27  Spire  
  188  13:28  Spire  
  184  13:43  Hydralisk x12  
  186  13:48  Queen  
  173  14:00  Hydralisk, Lurker  
  173  14:01  Hydralisk x6, Lurker x2  
  188  14:07  Hydralisk x3  
  194  14:12  Spore Crawler  
  194  14:14  Drone x4  
  188  14:48  Corruptor  
  188  14:49  Corruptor x6  
  188  14:52  Overseer  
  190  15:21  Corruptor x5  
  192  15:28  Hatchery  
Tags
 
Add a new tag
Caveats
  • Supply blocks, unpowered buildings, or Contaminate may cause inaccurate times.
  • Supply counts are checked every 10 seconds.